 Dungeon Crawl Stone Soup version 0.21-a0-368-g45f8505 (webtiles) character file.

378 Seas the Sneak (level 6, -2/28 HPs)
             Began as a Spriggan Enchanter on Oct 15, 2017.
             Was an Initiate of Dithmenos.
             Slain by an orc wizard
             ... wielding a +0 dagger
              (5 damage)
             ... on level 4 of the Dungeon.
             The game lasted 00:10:47 (5375 turns).

Seas the Sneak (Spriggan Enchanter)                 Turns: 5375, Time: 00:10:48

Health: -2/28      AC:  2    Str:  5    XL:     6   Next: 45%
Magic:  9/15       EV: 18    Int: 22    God:    Dithmenos [......]
Gold:   177        SH:  0    Dex: 17    Spells: 3/15 levels left

rFire    . . .     SeeInvis +   a - +1 dagger
rCold    . . .     Gourm    .   (shield restricted)
rNeg     . . .     Faith    .   b - +0 robe
rPois    +         Spirit   .   (helmet restricted)
rElec    .         Reflect  .   (no cloak)
rCorr    .         Harm     .   (gloves unavailable)
MR       +....                  (boots unavailable)
Stlth    +++++.....             (no amulet)
HPRegen  0.09/turn              k - ring of stealth
MPRegen  0.14/turn              f - ring of poison resistance

@: brilliant, hasted, very quick
A: unfitting armour, see invisible, herbivore 3, speed 3, slow metabolism 2
a: Renounce Religion


You were on level 4 of the Dungeon.
You worshipped Dithmenos.
Dithmenos was noncommittal.
You were full.

You visited 1 branch of the dungeon, and saw 4 of its levels.
You also visited: Sewer.

You collected 177 gold pieces.

Inventory:

Hand Weapons
 a - a +1 dagger (weapon)
 g - a +0 spear
Armour
 b - a +0 robe (worn)
Jewellery
 f - a ring of poison resistance (right hand)
 k - a ring of stealth (left hand)
Scrolls
 e - 4 scrolls of blinking
 i - 2 scrolls of teleportation
 m - a scroll of fear
 p - a scroll of fog
Potions
 d - a potion of might
 h - a potion of flight
 l - a potion of curing
Books
 c - a book of Minor Magic

   Spells                             Type                      Level
   a - Magic Dart                     Conjuration                  1
   b - Blink                          Translocation                2
   c - Call Imp                       Summoning                    2
   d - Slow                           Hexes                        2
   e - Conjure Flame                  Conjuration/Fire             3
   f - Mephitic Cloud                 Conjuration/Poison/Air       3
Comestibles
 j - 3 bread rations


   Skills:
 - Level 1.1 Short Blades
 - Level 3.0 Dodging
 + Level 7.1 Stealth
 - Level 5.4 Spellcasting
 - Level 6.0 Hexes


You had 3 spell levels left.
You knew the following spells:

 Your Spells              Type           Power        Failure   Level  Hunger
a - Ensorcelled Hibernat  Hex/Ice        ####..       1%          2    None
b - Corona                Hex            #####..      1%          1    None
c - Confuse               Hex            #####...     1%          3    ##.....
d - Tukima's Dance        Hex            #####...     1%          3    ##.....
e - Dazzling Spray        Conj/Hex       ####..       1%          3    ##.....


Dungeon Overview and Level Annotations

Branches:
Dungeon (4/15)
 Temple: D:4-7

Altars:
Cheibriados
Dithmenos
Elyvilon
Gozag
Makhleb
Nemelex Xobeh
Qazlal
The Shining One


Innate Abilities, Weirdness & Mutations

You are very small and have problems with some larger weapons.
You are too small for most types of armour.
You have supernaturally acute eyesight. (SInv)
You are a herbivore.
You cover ground extremely quickly.
You need consume almost no food.


Message History

Casting: Ensorcelled Hibernation
Confirm with . or Enter, or press ? or * to list all spells.
Aiming: Ensorcelled Hibernation
Press: ? - help, Shift-Dir - straight line, f - orc priest, p - orc wizard
Aim: an orc priest, wielding a mace (chance to defeat MR: 45%)
The orc priest resists with some effort.
The orc wizard misses you.
You feel clever all of a sudden.
The orc wizard gestures at you while chanting.
The puff of flame misses you.
The orc priest mumbles some strange prayers to Beogh against you.
Pain shoots through your body!
* * * LOW HITPOINT WARNING * * *
Casting: Ensorcelled Hibernation
Confirm with . or Enter, or press ? or * to list all spells.
Aiming: Ensorcelled Hibernation
Press: ? - help, Shift-Dir - straight line, f/p - orc priest
Aim: an orc priest, wielding a mace (chance to defeat MR: 61%)
The orc priest looks drowsy...
The orc wizard hits you with a dagger.
You die...

##......##..#
#...........#
#...........#
#####.#........# #
....#####.....##
#.. ....#
##.....#....
####.. ##.........
#.## ##.........
#.@####ยง.........
#oo..............
#..####...........
#.# ##..?.......
#.# #..........
... #..........
... #..........
..# ##........#
.<....


You could see an orc priest (sleeping) and an orc wizard.

Vanquished Creatures
  Purgy (Sewer)
  An ogre (D:4)
  2 hounds (D:4)
  8 adders
  An ooze (D:3)
  An adder skeleton (D:4)
  4 worms
  5 bats
  2 giant cockroaches
  4 goblins
  6 hobgoblins
  8 kobolds
  A quokka (D:2)
  5 ball pythons
  6 frilled lizards
  12 rats
67 creatures vanquished.

Notes
Turn   | Place    | Note
-------+----------+-------------------------------------------
     0 | D:1      | Seas the Spriggan Enchanter began the quest for the Orb.
     0 | D:1      | Reached XP level 1. HP: 9/9 MP: 5/5
  1249 | D:1      | Reached XP level 2. HP: 13/13 MP: 5/7
  1253 | D:1      | Learned a level 2 spell: Ensorcelled Hibernation
  1681 | D:2      | Found a sparkling altar of Nemelex Xobeh.
  1889 | D:2      | Reached XP level 3. HP: 11/16 MP: 1/9
  2065 | D:2      | Learned a level 3 spell: Confuse
  2069 | D:2      | Learned a level 3 spell: Tukima's Dance
  3308 | D:2      | Reached skill level 5 in Hexes
  3308 | D:2      | Reached XP level 4. HP: 21/21 MP: 7/11
  3363 | D:3      | Found a glowing drain.
  3374 | Sewer    | Entered a sewer
  3625 | Sewer    | Noticed Purgy
  3654 | Sewer    | Killed Purgy
  3654 | Sewer    | Reached skill level 5 in Spellcasting
  3654 | Sewer    | Reached XP level 5. HP: 4/24 MP: 6/13
  4828 | D:4      | Noticed an ogre
  4843 | D:4      | Reached skill level 5 in Stealth
  4848 | D:4      | Killed an ogre
  4848 | D:4      | Reached skill level 6 in Stealth
  4848 | D:4      | Reached XP level 6. HP: 26/28 MP: 8/15
  4854 | D:4      | Learned a level 3 spell: Dazzling Spray
  5151 | D:4      | Reached skill level 7 in Stealth
  5314 | D:4      | Found a white marble altar of Elyvilon.
  5316 | D:4      | Found a stormy altar of Qazlal.
  5316 | D:4      | Found a burning altar of Makhleb.
  5318 | D:4      | Found a shadowy altar of Dithmenos.
  5321 | D:4      | Found an opulent altar of Gozag.
  5326 | D:4      | Became a worshipper of Dithmenos the Shadowed
  5341 | D:4      | Found a glowing golden altar of the Shining One.
  5343 | D:4      | Found a snail-covered altar of Cheibriados.
  5375 | D:4      | Slain by an orc wizard

Vault maps used:
D:1:      dpeg_arrival_simpleton_c, patterned_corridor
D:2:      nemelex_xobeh_ov_fountains_minmay, roderic_roman_lattice,
          grunt_ministairs_3
D:3:      first_bread, cheibrodos_sewer_entry_drain, minmay_misc_feat_tiny
D:4:      minitemple, nicolae_overflow_hidden_temple
Sewer:    sewer_co_purgy_island

Skill      XL: |  1  2  3  4  5  6 |
---------------+-------------------+-----
Spellcasting   | 3 4 5 |  5.4
Hexes          | 4 5 6 |  6.0
Stealth        | 6 7 |  7.1
Short Blades   | |  1.1
Dodging        | |  3.0

Action                   |  1- 3 |  4- 6 || total
-------------------------+-------+-------++-------
Melee: Dagger            |   116 |   107 ||   223
       Spear             |    11 |       ||    11
 Cast: Corona            |     7 |       ||     7
       Ensorcelled Hiber |    22 |    18 ||    40
       Confuse           |     2 |     3 ||     5
  Use: Scroll            |     6 |     5 ||    11
       Potion            |       |     3 ||     3
 Stab: Sleeping          |    19 |    19 ||    38
       Confused          |     1 |       ||     1
  Eat: Royal jelly       |     1 |       ||     1
       Bread ration      |       |     1 ||     1
Armor: Robe              |    12 |    16 ||    28
Dodge: Dodged            |    93 |   108 ||   201

Table legend:
 A = Spawn XP
 B = Non-spawn XP
 C = Spawn XP percentage of total XP
 D = Spawn monster count
 E = Non-spawn monster count
 F = Spawn count percentage of total count
 G = Total turns spent on level
                    A         B        C        D         E        F      G
               +---------+---------+-------+---------+---------+-------+---------
         Total |       0 |     540 |   0.0 |       0 |      67 |   0.0 |  5375
               +---------+---------+-------+---------+---------+-------+---------
           D:1 |       0 |      13 |   0.0 |       0 |       9 |   0.0 |  1412
           D:2 |       0 |      95 |   0.0 |       0 |      26 |   0.0 |  1943
           D:3 |       0 |      58 |   0.0 |       0 |      19 |   0.0 |   675
           D:4 |       0 |     222 |   0.0 |       0 |       6 |   0.0 |   561
         Sewer |       0 |     152 |   0.0 |       0 |       7 |   0.0 |   784
               +---------+---------+-------+---------+---------+-------+---------
